SAAA
BANGOR TRIDENT BASE OGRES @ AUSTIN CAPITOLS
08/23/2019
 
TOP OF THE 1ST
Bangor Trident Base Ogres batting - Pitching for Austin Capitols : RHP Iván Castillo
Pitching: RHP Iván Castillo
Batting: RHB Monty Sharp 0-0: Ball
1-0: Ball
2-0: Swinging Strike
2-1: Foul Ball, location: 2F
2-2: Strikes out looking
Batting: RHB Joe Runyon 0-0: Ball
1-0: Swinging Strike
1-1: Called Strike
1-2: Ball
2-2: Fly out, F4 (Popup, 3D)
Batting: LHB Bernardo Elías 0-0: Foul Ball, location: 2F
0-1: Ball
1-1: Ball
2-1: Ball
3-1: Called Strike
3-2: Foul Ball, location: 2F
3-2: TRIPLE (Line Drive, 8RM)
Batting: RHB Jeremy Christensen 0-0: DOUBLE (Line Drive, 78M)
Bernardo Elías scores
Batting: RHB Walt Richard 0-0: Ball
1-0: Called Strike
1-1: Foul Ball, location: 2F
1-2: Ball
2-2: Ball
3-2: Strikes out swinging
Top of the 1st over - 1 run(s), 2 hit(s), 0 error(s), 1 left on base; Bangor Trident Base 1 - Austin 0
BOTTOM OF THE 1ST
Austin Capitols batting - Pitching for Bangor Trident Base Ogres : LHP Lorenzo Sánchez
Pitching: LHP Lorenzo Sánchez
Batting: SHB Tom Palmer 0-0: Fly out, F6 (Line Drive, 6)
Batting: RHB Hiwahikeiki Noelani 0-0: Fly out, F8 (Popup, 8RS)
Batting: RHB Tanyu Kimura 0-0: Called Strike
0-1: Ball
1-1: Ball
2-1: Ground out 6-3 (Groundball, 6M)
Bottom of the 1st over - 0 run(s), 0 hit(s), 0 error(s), 0 left on base; Bangor Trident Base 1 - Austin 0
TOP OF THE 2ND
Bangor Trident Base Ogres batting - Pitching for Austin Capitols : RHP Iván Castillo
Batting: RHB Hubert Dodson 0-0: Ball
1-0: Ball
2-0: Ball
3-0: Base on Balls
Batting: RHB Jon Erickson 0-0: Ball
1-0: Foul Ball, location: 2F
1-1: Swinging Strike
1-2: Foul Ball, location: 2F
1-2: Strikes out swinging
Batting: RHB Stan Pierce 0-0: DOUBLE (Flyball, 89D)
Hubert Dodson to third
Batting: RHB David Morales 0-0: Foul Ball, location: 2F
0-1: Ball
1-1: Foul Ball, location: 2F
1-2: Foul Ball, location: 2F
1-2: Ball
2-2: Foul Ball, location: 2F
2-2: Strikes out swinging
Batting: RHB Monty Sharp 0-0: Called Strike
0-1: Swinging Strike
0-2: Ball
1-2: Foul Ball, location: 2F
1-2: Strikes out swinging
Top of the 2nd over - 0 run(s), 1 hit(s), 0 error(s), 2 left on base; Bangor Trident Base 1 - Austin 0
BOTTOM OF THE 2ND
Austin Capitols batting - Pitching for Bangor Trident Base Ogres : LHP Lorenzo Sánchez
Batting: RHB Juan Ramos 0-0: Ball
1-0: Swinging Strike
1-1: Ball
2-1: Ball
3-1: Foul Ball, location: 2F
3-2: Base on Balls
Batting: RHB Tony Quintana 0-0: Called Strike
0-1: Foul Ball, location: 2F
0-2: Ball
1-2: Fly out, F8 (Flyball, 78D)
Batting: LHB Jack Robbins 0-0: Ball
1-0: Ball
2-0: Called Strike
2-1: Ball
3-1: Called Strike
3-2: Foul Ball, location: 2F
3-2: Strikes out swinging
Batting: RHB Brian King 0-0: Called Strike
Juan Ramos steals 2nd base
0-1: Foul Ball, location: 2F
0-2: Strikes out swinging
Bottom of the 2nd over - 0 run(s), 0 hit(s), 0 error(s), 1 left on base; Bangor Trident Base 1 - Austin 0
TOP OF THE 3RD
Bangor Trident Base Ogres batting - Pitching for Austin Capitols : RHP Iván Castillo
Batting: RHB Joe Runyon 0-0: Ball
1-0: Ball
2-0: Called Strike
2-1: SINGLE (Groundball, 56)
Batting: LHB Bernardo Elías 0-0: Called Strike
0-1: Swinging Strike
0-2: Ball
1-2: SINGLE (Flyball, 7LM)
Joe Runyon to second
Batting: RHB Jeremy Christensen 0-0: Ball
1-0: Grounds into double play, 6-4-3 (Groundball, 6)
Joe Runyon to third
Batting: RHB Walt Richard 0-0: Ground out 6-3 (Groundball, 6M)
Top of the 3rd over - 0 run(s), 2 hit(s), 0 error(s), 1 left on base; Bangor Trident Base 1 - Austin 0
BOTTOM OF THE 3RD
Austin Capitols batting - Pitching for Bangor Trident Base Ogres : LHP Lorenzo Sánchez
Batting: RHB Eric Randolph 0-0: Ball
1-0: Ball
2-0: Swinging Strike
2-1: Ball
3-1: Foul Ball, location: 2F
3-2: Foul Ball, location: 2F
3-2: Foul Ball, location: 2F
3-2: Fly out, F3 (Popup, 3L)
Batting: RHB Randy Tucker 0-0: Foul Ball, location: 2F
0-1: Ball
1-1: Ball
2-1: Called Strike
2-2: Ball
3-2: Strikes out looking
Batting: SHB Tom Palmer 0-0: Ball
1-0: Ball
2-0: Ground out 6-3 (Groundball, 6)
Bottom of the 3rd over - 0 run(s), 0 hit(s), 0 error(s), 0 left on base; Bangor Trident Base 1 - Austin 0
TOP OF THE 4TH
Bangor Trident Base Ogres batting - Pitching for Austin Capitols : RHP Iván Castillo
Batting: RHB Hubert Dodson 0-0: Ball
1-0: Called Strike
1-1: Ball
2-1: Ball
3-1: Base on Balls
Batting: RHB Jon Erickson 0-0: Ball
1-0: Called Strike
1-1: Called Strike
1-2: Ball
2-2: Foul Ball, location: 2F
2-2: Foul Ball, location: 2F
2-2: Ball
3-2: Strikes out swinging
Batting: RHB Stan Pierce 0-0: Ball
1-0: Ball
2-0: Swinging Strike
2-1: Foul Ball, location: 2F
2-2: SINGLE (Groundball, 4D)
Hubert Dodson to second
Runner from 2nd tries for 3rd, SAFE, throw made to third
Batting: RHB David Morales 0-0: Ball
1-0: Called Strike
1-1: Ball
2-1: Called Strike
2-2: SINGLE (Line Drive, 8RS)
Hubert Dodson scores
Stan Pierce to second
Batting: RHB Monty Sharp 0-0: Ball
1-0: Ball
2-0: Ball
3-0: Called Strike
3-1: Base on Balls
Stan Pierce to third
David Morales to second
Batting: RHB Joe Runyon 0-0: Called Strike
0-1: Fly out, F8 (Line Drive, 8LM)
Batting: LHB Bernardo Elías 0-0: Fly out, F7 (Flyball, 7D)
Top of the 4th over - 1 run(s), 2 hit(s), 0 error(s), 3 left on base; Bangor Trident Base 2 - Austin 0
BOTTOM OF THE 4TH
Austin Capitols batting - Pitching for Bangor Trident Base Ogres : LHP Lorenzo Sánchez
Batting: RHB Hiwahikeiki Noelani 0-0: Fly out, F1 (Line Drive, 13)
Batting: RHB Tanyu Kimura 0-0: Called Strike
0-1: Ball
1-1: Foul Ball, location: 2F
1-2: Ball
2-2: Ball
3-2: Base on Balls
Batting: RHB Juan Ramos 0-0: Called Strike
0-1: Foul Ball, location: 2F
0-2: Ball
1-2: Strikes out swinging
Batting: RHB Tony Quintana 0-0: Ball
Tanyu Kimura is caught stealing 2nd base
Bottom of the 4th over - 0 run(s), 0 hit(s), 0 error(s), 0 left on base; Bangor Trident Base 2 - Austin 0
TOP OF THE 5TH
Bangor Trident Base Ogres batting - Pitching for Austin Capitols : RHP Iván Castillo
Batting: RHB Jeremy Christensen 0-0: Ground out 5-3 (Groundball, 5S)
Batting: RHB Walt Richard 0-0: Ball
1-0: Called Strike
1-1: Ball
2-1: Foul Ball, location: 2F
2-2: Strikes out swinging
Batting: RHB Hubert Dodson 0-0: Foul Ball, location: 2F
0-1: Called Strike
0-2: Ball
1-2: Ball
2-2: Strikes out swinging
Top of the 5th over - 0 run(s), 0 hit(s), 0 error(s), 0 left on base; Bangor Trident Base 2 - Austin 0
BOTTOM OF THE 5TH
Austin Capitols batting - Pitching for Bangor Trident Base Ogres : LHP Lorenzo Sánchez
Batting: RHB Tony Quintana 0-0: Called Strike
0-1: Foul Ball, location: 2F
0-2: Ball
1-2: SOLO HOME RUN (Flyball, 78XD), Distance : 463 ft
Batting: LHB Jack Robbins 0-0: Ball
1-0: Ground out 5-3 (Groundball, 5S)
Batting: RHB Brian King 0-0: Ball
1-0: Ball
2-0: Ground out 1-3 (Groundball, 23)
Batting: RHB Eric Randolph 0-0: Ground out 4-3 (Groundball, 4M)
Bottom of the 5th over - 1 run(s), 1 hit(s), 0 error(s), 0 left on base; Bangor Trident Base 2 - Austin 1
TOP OF THE 6TH
Bangor Trident Base Ogres batting - Pitching for Austin Capitols : RHP Iván Castillo
Batting: RHB Jon Erickson 0-0: Called Strike
0-1: Ball
1-1: Called Strike
1-2: Strikes out swinging
Batting: RHB Stan Pierce 0-0: Foul Ball, location: 2F
0-1: Ball
1-1: Called Strike
1-2: Foul Ball, location: 2F
1-2: Ball
2-2: SOLO HOME RUN (Flyball, 8LXD), Distance : 457 ft
Pitching: RHP Kelly Hyde
Batting: RHB David Morales 0-0: Ball
1-0: Swinging Strike
1-1: SOLO HOME RUN (Flyball, 7D), Distance : 424 ft
Batting: RHB Monty Sharp 0-0: Ball
1-0: Ball
2-0: Called Strike
2-1: Ball
3-1: Ground out 4-3 (Groundball, 4)
Batting: RHB Joe Runyon 0-0: Called Strike
0-1: Called Strike
0-2: Strikes out swinging
Top of the 6th over - 2 run(s), 2 hit(s), 0 error(s), 0 left on base; Bangor Trident Base 4 - Austin 1
BOTTOM OF THE 6TH
Austin Capitols batting - Pitching for Bangor Trident Base Ogres : LHP Lorenzo Sánchez
Batting: RHB Randy Tucker 0-0: Ball
1-0: Foul Ball, location: 2F
1-1: Ball
2-1: Ball
3-1: SINGLE (Line Drive, 7S)
Batting: SHB Tom Palmer 0-0: Ball
1-0: Swinging Strike
1-1: Ball
2-1: Ball
Single, Error in OF, E7, batter to second base
Randy Tucker to third
Batting: RHB Hiwahikeiki Noelani 0-0: Ground out 4-3 (Groundball, 4M)
Randy Tucker scores
Tom Palmer to third
Batting: RHB Tanyu Kimura 0-0: Called Strike
0-1: DOUBLE (Line Drive, 8LXD)
Tom Palmer scores
Batting: RHB Juan Ramos 0-0: Called Strike
0-1: Called Strike
0-2: Ball
1-2: SINGLE (Line Drive, 56)
Tanyu Kimura to third
Batting: RHB Tony Quintana 0-0: Ball
1-0: SINGLE (Line Drive, 4D)
Tanyu Kimura scores
Juan Ramos to second
Runner from 2nd tries for 3rd, SAFE, throw made to third
Tony Quintana to second
Batting: LHB Jack Robbins 0-0: Ball
1-0: 3-RUN HOME RUN (Line Drive, 9LD), Distance : 354 ft
Pitching: RHP Shannon Lambright
Batting: RHB Brian King 0-0: SINGLE (Line Drive, 89S)
Batting: RHB Eric Randolph 0-0: Called Strike
0-1: Ball
1-1: Ball
2-1: Called Strike
2-2: Grounds into double play, 6-4-3 (Groundball, 6M)
Bottom of the 6th over - 6 run(s), 7 hit(s), 1 error(s), 0 left on base; Bangor Trident Base 4 - Austin 7
TOP OF THE 7TH
Bangor Trident Base Ogres batting - Pitching for Austin Capitols : RHP Kelly Hyde
Batting: LHB Bernardo Elías 0-0: Ball
1-0: Ball
2-0: Foul Ball, location: 2F
2-1: Swinging Strike
2-2: Strikes out swinging
Batting: RHB Jeremy Christensen 0-0: Ball
1-0: Foul Ball, location: 2F
1-1: Ball
2-1: Called Strike
2-2: Foul Ball, location: 2F
2-2: Fly out, F7 (Flyball, 7D)
Batting: RHB Walt Richard 0-0: Ball
1-0: Called Strike
1-1: Ball
2-1: Fly out, F8 (Flyball, 8RS)
Top of the 7th over - 0 run(s), 0 hit(s), 0 error(s), 0 left on base; Bangor Trident Base 4 - Austin 7
BOTTOM OF THE 7TH
Austin Capitols batting - Pitching for Bangor Trident Base Ogres : RHP Shannon Lambright
Batting: RHB Randy Tucker 0-0: Ball
1-0: Swinging Strike
1-1: DOUBLE (Groundball, 5L)
Batting: SHB Tom Palmer 0-0: Intentional Walk
Batting: RHB Hiwahikeiki Noelani 0-0: Ball
1-0: Sac Bunt - play at first, batter safe!
Randy Tucker to third
Tom Palmer to second
Batting: RHB Tanyu Kimura 0-0: Called Strike
0-1: Ball
Passed Ball!
Randy Tucker scores
Tom Palmer to third
Hiwahikeiki Noelani to second
1-1: Intentional Walk
Batting: RHB Juan Ramos 0-0: Ball
1-0: Called Strike
1-1: Ball
2-1: Ball
3-1: Fly out, F8 (Flyball, 8RM)
Runner from 3rd tags up, SCORES, no throw
Batting: RHB Tony Quintana 0-0: Ball
1-0: Ball
2-0: Foul Ball, location: 2F
2-1: Ball
3-1: Fly out, F8 (Flyball, 8RM)
Batting: LHB Jack Robbins 0-0: Ball
1-0: Called Strike
1-1: Ground out 4-3 (Groundball, 4)
Bottom of the 7th over - 2 run(s), 2 hit(s), 0 error(s), 2 left on base; Bangor Trident Base 4 - Austin 9
TOP OF THE 8TH
Bangor Trident Base Ogres batting - Pitching for Austin Capitols : RHP Kelly Hyde
Now at 2B: Jack Bell
Batting: RHB Hubert Dodson 0-0: Ball
1-0: Called Strike
1-1: Called Strike
1-2: Foul Ball, location: 2F
Error on foul ball, E3
1-2: Foul Ball, location: 2F
1-2: Ball
2-2: Ball
3-2: SINGLE (Groundball, 6)
Pitching: LHP José Rico
Batting: RHB Jon Erickson 0-0: Foul Ball, location: 2F
0-1: Called Strike
0-2: Foul Ball, location: 2F
0-2: Ball
1-2: Strikes out swinging
Batting: RHB Stan Pierce 0-0: Ball
1-0: Foul Ball, location: 2F
1-1: Ball
2-1: Fly out, F7 (Flyball, 7M)
Batting: RHB David Morales 0-0: Ball
1-0: Ball
2-0: Foul Ball, location: 2F
2-1: Ball
3-1: Foul Ball, location: 2F
3-2: Base on Balls
Hubert Dodson to second
Batting: RHB Monty Sharp 0-0: Ball
1-0: Called Strike
1-1: Ball
2-1: Foul Ball, location: 2F
2-2: Ball
3-2: SINGLE (Groundball, 56)
Hubert Dodson to third
David Morales to second
Hubert Dodson scores
David Morales to third
Pitching: RHP Gary Jones
Batting: RHB Joe Runyon 0-0: Foul Ball, location: 2F
0-1: Ground out 5-3 (Groundball, 5)
Top of the 8th over - 1 run(s), 2 hit(s), 1 error(s), 2 left on base; Bangor Trident Base 5 - Austin 9
BOTTOM OF THE 8TH
Austin Capitols batting - Pitching for Bangor Trident Base Ogres : RHP Shannon Lambright
Batting: RHB Brian King 0-0: Foul Ball, location: 2F
0-1: Ball
1-1: Ball
2-1: Foul Ball, location: 2F
2-2: SINGLE (Line Drive, 56D)
Batting: RHB Eric Randolph 0-0: Fly out, F6 (Popup, 6MS)
Pitching: RHP Benjamin Baars
Batting: RHB Randy Tucker 0-0: Called Strike
0-1: Foul Ball, location: 2F
0-2: Ball
1-2: Strikes out swinging
Batting: SHB Tom Palmer 0-0: Ball
1-0: Foul Ball, location: 2F
1-1: Ball
2-1: Swinging Strike
2-2: Foul Ball, location: 2F
2-2: Ball
3-2: Foul Ball, location: 2F
3-2: SINGLE (Groundball, 4MD) (infield hit)
Brian King to second
Batting: RHB Hiwahikeiki Noelani 0-0: Called Strike
0-1: Fielders Choice at 2nd, U6 (Groundball, 6M)
Bottom of the 8th over - 0 run(s), 2 hit(s), 0 error(s), 2 left on base; Bangor Trident Base 5 - Austin 9
TOP OF THE 9TH
Bangor Trident Base Ogres batting - Pitching for Austin Capitols : RHP Gary Jones
Batting: LHB Bernardo Elías 0-0: Ball
1-0: Called Strike
1-1: Ground out 6-3 (Groundball, 6)
Batting: RHB Jeremy Christensen 0-0: Ball
1-0: Ball
2-0: Foul Ball, location: 2F
2-1: Ball
3-1: Called Strike
3-2: Foul Ball, location: 2F
3-2: Foul Ball, location: 2F
3-2: Fly out, F8 (Flyball, 8RS)
Batting: RHB Walt Richard 0-0: Called Strike
0-1: Ball
1-1: Foul Ball, location: 2F
1-2: Strikes out swinging
Top of the 9th over - 0 run(s), 0 hit(s), 0 error(s), 0 left on base; Bangor Trident Base 5 - Austin 9
This league is powered by Out of the Park Baseball, the baseball management simulation game for PC, Mac and Linux
Saturday, July 25th, 2015 - OOTP Baseball 15.6 Build 34